 Dungeon Crawl Stone Soup version 0.32-a0-314-g526f7d4993 (webtiles) character file.

Game seed: 3103207467846571126

4329909 Midpoint the Rapturous (level 27, 155/155 HPs)
             Began as a Vine Stalker Fighter on Feb 11, 2024.
             Was a Follower of Uskayaw.
             Escaped with the Orb
             ... and 5 runes
             ... and 4 gems on Feb 15, 2024!
             The game lasted 08:50:13 (52634 turns).

Midpoint the Rapturous (Vine Stalker Fighter)      Turns: 52634, Time: 08:50:13

Health: 155/155    AC: 39    Str: 25    XL:     27
Magic:  39/39      EV: 12    Int: 16    God:    Uskayaw [*.....]
Gold:   8713       SH: 21    Dex: 31    Spells: 13/38 levels left

rFire   + + +        a - +8 Vampire's Tooth {megavamp}
rCold   + + .        t - +2 kite shield {rF+}
rNeg    . . .        D - +6 gold dragon scales of Laavojed {rElec rPois rF+ rC+ Slay+6}
rPois   +            k - +0 helmet of the Locust {Will+ Dex+5}
rElec   +            Y - +2 cloak {Will+}
rCorr   +            H - +2 pair of gloves {infuse}
SInv    .            B - +2 pair of boots {rampage}
Will    +++++        r - amulet "Bigreoz" {rF+ Regen+ rCorr Str+2 Int+2} Stlth
                     P - ring of Shadows {Umbra +Inv Stlth+}
HPRegen 2.85/turn    E - ring of the Catfish {Int+6 Dex+2 Slay+3}
MPRegen 0.26/turn

%: guardian spirit, rampage, infuse magic (1 MP)
@: wreathed by umbra, studying 3 skills
A: fangs 3, regeneration 2, magic shield, antimagic bite, no potion heal 2,
hooves 1, cold resistance 1, deterioration 1, fire resistance 1, strong-willed
1, inability to read after injury 1
0: Orb of Zot
}: 5/15 runes: decaying, slimy, silver, abyssal, gossamer
a: Renounce Religion, Evoke Invisibility, Stomp


You escaped.
You worshipped Uskayaw.
Uskayaw was greatly pleased with you.
You visited 13 branches of the dungeon, and saw 57 of its levels.
You visited the Abyss 1 time.
You also visited: Trove, Bailey, Ice Cave, Volcano, Wizlab and Desolation.

You collected 11927 gold pieces.
You spent 3214 gold pieces at shops.

Inventory:

Hand Weapons
 a - the +8 Vampire's Tooth (weapon) {megavamp}
   (You found it on level 3 of the Crypt)
 b - the +18 lance "Wyrmbane" {slay drac, rPois rF+ rC+ AC+3}
   (You acquired it on level 1 of the Realm of Zot)

   AC+3:      It affects your AC (+3).
   rF+:       It protects you from fire.
   rC+:       It protects you from cold.
   rPois:     It protects you from poison
 c - the +8 trishula "Condemnation" {holy, anguish, *Noise Fly rN+}
   (You found it on level 4 of the Spider Nest)

   rN+:       It protects you from negative energy.
   Fly:       It grants you flight.
   *Noise:    It may make a loud noise when swung.
 F - a +0 eudemon blade of holy wrath
Missiles
 j - 6 throwing nets (quivered)
 A - 15 curare-tipped darts
 T - 27 javelins
Armour
 k - the +0 helmet of the Locust (worn) {Will+ Dex+5}
   (You bought it in a shop on level 2 of the Orcish Mines)

   Dex+5:     It affects your dexterity (+5).
   Will+:     It increases your willpower.
 t - a +2 kite shield of fire resistance (worn)
 B - a +2 pair of boots of rampaging (worn)
 C - a +2 helmet of see invisible
 D - the +6 gold dragon scales of Laavojed (worn) {rElec rPois rF+ rC+ Slay+6}
   (You found it in the Desolation of Salt)

   Slay+6:    It affects your accuracy & damage with ranged weapons and melee
   (+6).
   rF+:       It protects you from fire.
   rC+:       It protects you from cold.
   rElec:     It insulates you from electricity.
   rPois:     It protects you from poison
 H - a +2 pair of gloves of infusion (worn)
 Y - a +2 cloak of willpower (worn)
Jewellery
 n - the ring of Uweip {Ice rPois Str+4 Dex-3 Stlth+}
   (You took it off a servant of whispers in the Desolation of Salt)

   [ring of ice]

   Ice:       It enhances your ice magic.
   Str+4:     It affects your strength (+4).
   Dex-3:     It affects your dexterity (-3).
   rF-:       It makes you vulnerable to fire.
   rC+:       It protects you from cold.
   rPois:     It protects you from poison Stlth+: It makes you more stealthy.
 r - the amulet "Bigreoz" (around neck) {rF+ Regen+ rCorr Str+2 Int+2}
   (You bought it in a shop on level 2 of the Orcish Mines)

   [amulet of regeneration]

   Str+2:     It affects your strength (+2).
   Int+2:     It affects your intelligence (+2).
   rF+:       It protects you from fire.
   Regen+:    It increases your rate of health regeneration.
   rCorr:     It protects you from acid and corrosion.
 E - the ring of the Catfish (right hand) {Int+6 Dex+2 Slay+3}
   (You took it off a ragged hierophant in the Desolation of Salt)

   [ring of intelligence]

   Int+6:     It affects your intelligence (+6).
   Dex+2:     It affects your dexterity (+2).
   Slay+3:    It affects your accuracy & damage with ranged weapons and melee
   (+3).
 G - a ring of see invisible
 P - the ring of Shadows (left hand) {Umbra +Inv Stlth+}
   (You found it on level 5 of the Vaults)

   [ring of stealth]

   Umbra:     It surrounds you with an aura of shadow, increasing your stealth
   and reducing the accuracy of all others within it.
   +Inv:      It lets you turn invisible.
   Stlth+:    It makes you more stealthy.
Wands
 q - a wand of iceblast (73)
 L - a wand of acid (64)
 M - a wand of paralysis (77)
 U - a wand of digging (15)
 X - a wand of mindburst (44)
Scrolls
 e - 6 scrolls of fear
 f - a scroll of blinking
 g - 8 scrolls of revelation
 h - 2 scrolls of fog
 o - 4 scrolls of silence
 p - 7 scrolls of brand weapon
 s - 32 scrolls of teleportation
 y - 19 scrolls of enchant armour
 N - 9 scrolls of enchant weapon
 R - 2 scrolls of butterflies
 Z - 11 scrolls of immolation
Potions
 d - 13 potions of might
 i - 7 potions of resistance
 l - 31 potions of curing
 w - 8 potions of haste
 x - 8 potions of mutation
 I - 7 potions of invisibility
 J - 4 potions of magic
 K - 6 potions of cancellation
 O - 4 potions of enlightenment
 S - 15 potions of ambrosia
 W - 2 potions of brilliance
Miscellaneous
 m - the horn of Geryon
 u - a box of beasts
 v - a phial of floods
 z - a lightning rod (4/4)
 Q - a tin of tremorstones (2/2)
 V - a phantom mirror


   Skills:
 - Level 19.4 Fighting
 - Level 14.0 Short Blades
 - Level 14.0 Polearms
 - Level 6.0 Throwing
 - Level 16.2 Armour
 - Level 8.3 Dodging
 - Level 12.0 Stealth
 - Level 20.0 Shields
 - Level 6.0 Spellcasting
 - Level 6.0 Hexes
 - Level 4.7 Necromancy
 - Level 8.0 Translocations
 - Level 6.9 Air Magic
 - Level 6.6 Earth Magic
 + Level 23.8 Invocations
 - Level 18.5 Evocations


You had 13 spell levels left.
You knew the following spells:

 Your Spells              Type           Power      Damage    Failure   Level
a - Blink                 Tloc           60%        N/A       22%         2
b - Apportation           Tloc           60%        N/A       14%         1
c - Passage of Golubria   Tloc           30%        N/A       82%         4
d - Tukima's Dance        Hex            24%        N/A       69%         3
e - Lesser Beckoning      Tloc           60%        N/A       22%         2
f - Slow                  Hex            96%        N/A       32%         1
g - Confusing Touch       Hex            24%        N/A       69%         3
h - Vhi's Electric Charg  Tloc/Air       56%        N/A       88%         4
i - Borgnjor's Vile Clut  Necr/Erth      11%        N/A       100%        5

Your spell library contained the following spells:

 Spells                   Type           Power      Damage    Failure   Level
 Sandblast                Erth           52%        2d12      26%         1
 Gell's Gravitas          Tloc           30%        N/A       41%         3
 Teleport Other           Tloc           30%        N/A       41%         3
 Jinxbite                 Hex            48%        N/A       45%         2
 Necrotise                Necr           80%        1d8       50%         1
 Swiftness                Air            26%        N/A       56%         3
 Shock                    Conj/Air       60%        1d6       67%         1
 Sigil of Binding         Hex            24%        N/A       69%         3
 Momentum Strike          Conj/Tloc      34%        3d8       75%         2
 Cigotuvi's Dreadful Rot  Necr/Alch/Air  34%        N/A       77%         2
 Manifold Assault         Tloc           30%        N/A       82%         4
 Kiss of Death            Conj/Necr      48%        2d9       83%         1
 Vampiric Draining        Necr           20%        2d7       86%         3
 Dimensional Bullseye     Hex/Tloc       13%        N/A       91%         4
 Volatile Blastmotes      Fire/Tloc      34%        2d12      92%         3
 Stone Arrow              Conj/Erth      30%        3d8       96%         3
 Cause Fear               Hex            12%        N/A       97%         4
 Magic Dart               Conj           16%        1d3       98%         1
 Sting                    Conj/Alch      16%        1d4       98%         1
 Summon Small Mammal      Summ           16%        N/A       98%         1
 Dazzling Flash           Conj/Hex       28%        N/A       98%         3
 Inner Flame              Hex/Fire       14%        N/A       98%         3
 Call Imp                 Summ           8%         N/A       99%         2
 Searing Ray              Conj           8%         2d4       99%         2
 Mephitic Cloud           Conj/Alch/Air  12%        N/A       99%         3
 Anguish                  Hex/Necr       11%        N/A       99%         4
 Dispel Undead            Necr           20%        3d11      99%         4
 Call Canine Familiar     Summ           4%         N/A       100%        3
 Frozen Ramparts          Ice            8%         1d2       100%        3
 Hailstorm                Conj/Ice       4%         3d5       100%        3
 Summon Ice Beast         Ice/Summ       4%         N/A       100%        3
 Animate Armour           Summ/Erth      30%        N/A       100%        4
 Brom's Barrelling Bould  Conj/Erth      15%        2d4       100%        4
 Flame Wave               Conj/Fire      4%         2d5       100%        4
 Fulminant Prism          Conj/Alch      2%         3d5       100%        4
 Ignite Poison            Fire/Alch      4%         N/A       100%        4
 Iskenderun's Mystic Bla  Conj/Tloc      17%        2d5       100%        4
 Leda's Liquefaction      Alch/Erth      7%         N/A       100%        4
 Martyr's Knell           Necr/Summ      12%        N/A       100%        4
 Olgreb's Toxic Radiance  Alch           4%         N/A       100%        4
 Petrify                  Alch/Erth      15%        N/A       100%        4
 Sticky Flame             Fire/Alch      4%         2d4       100%        4
 Summon Blazeheart Golem  Fire/Summ      4%         N/A       100%        4
 Summon Lightning Spire   Summ/Air       15%        N/A       100%        4
 Alistair's Intoxication  Alch           2%         N/A       100%        5
 Arcjolt                  Conj/Air       7%         1d17      100%        5
 Curse of Agony           Necr           20%        N/A       100%        5
 Fireball                 Conj/Fire      2%         3d4       100%        5
 Freezing Cloud           Conj/Ice/Air   6%         6-21      100%        5
 Irradiate                Conj/Alch      2%         3d12      100%        5
 Iskenderun's Battlesphe  Conj           4%         2d6       100%        5
 Lee's Rapid Deconstruct  Erth           13%        3d9*      100%        5
 Metabolic Englaciation   Hex/Ice        7%         N/A       100%        5
 Silence                  Hex/Air        12%        N/A       100%        5
 Summon Forest            Summ/Tloc      8%         N/A       100%        5
 Summon Mana Viper        Hex/Summ       14%        N/A       100%        5
 Yara's Violent Unravell  Hex/Alch       7%         3d5       100%        5
 Bombard                  Conj/Erth      7%         9d2       100%        6
 Conjure Ball Lightning   Conj/Air       7%         3x3d6     100%        6
 Death Channel            Necr           10%        N/A       100%        6
 Dispersal                Tloc           15%        N/A       100%        6
 Eringya's Noxious Bog    Alch           2%         4d6       100%        6
 Plasma Beam              Fire/Air       7%         2x1d18    100%        6
 Sculpt Simulacrum        Ice/Alch       2%         N/A       100%        6
 Starburst                Conj/Fire      2%         6d3       100%        6
 Summon Cactus Giant      Summ           2%         N/A       100%        6
 Enfeeble                 Hex            12%        N/A       100%        7
 Haunt                    Necr/Summ      6%         N/A       100%        7
 Malign Gateway           Summ/Tloc      8%         N/A       100%        7
 Monstrous Menagerie      Summ           2%         N/A       100%        7
 Orb of Destruction       Conj           2%         9d5       100%        7
 Ozocubu's Refrigeration  Ice            2%         4d7       100%        7
 Spellforged Servitor     Conj/Summ      2%         N/A       100%        7
 Discord                  Hex            12%        N/A       100%        8
 Disjunction              Tloc           15%        N/A       100%        8
 Ignition                 Fire           2%         3d3       100%        8
 Lehudib's Crystal Spear  Conj/Erth      7%         10d3      100%        8
 Maxwell's Capacitive Co  Air            13%        ∞         100%        8
 Summon Horrible Things   Summ           2%         N/A       100%        8
 Chain Lightning          Conj/Air       7%         3d10      100%        9
 Fire Storm               Conj/Fire      2%         8d1       100%        9
 Shatter                  Erth           13%        3d13*     100%        9


Dungeon Overview and Level Annotations

Branches:
Dungeon (15/15)            Temple (1/1) D:4            Lair (5/5) D:10
  Swamp (4/4) Lair:2       Spider (4/4) Lair:2        Slime (5/5) Lair:4
    Orc (2/2) D:10            Elf (3/3) Orc:2        Vaults (5/5) D:14
  Crypt (3/3) Vaults:3       Tomb (0/3) Crypt:3      Depths (4/4) D:15
   Hell (visited)             Dis (0/7) Hell            Geh (0/7) Hell
    Coc (0/7) Hell            Tar (0/7) Hell            Zot (5/5) Depths:4
 Bailey (visited)           IceCv (visited)         Volcano (visited)
 WizLab (visited)         Desolation (visited)

Altars:
Ashenzari
Cheibriados
Dithmenos
Elyvilon
Fedhas
Gozag
Hepliaklqana
Kikubaaqudgha
Makhleb
Nemelex Xobeh
Okawaru
Qazlal
Ru
Sif Muna
Trog
Uskayaw
Vehumet
Wu Jian
Xom
Yredelemnul
Zin
The Shining One
Beogh
Jiyva
Lugonu

Shops:
D:8 (   D:9 ::   Orc:2 ([=*(   Elf:1 :=!   Elf:3 =   Swamp:1 *   Vaults:4 !
Vaults:5 ?   Depths:2 [*   Depths:4 *:?

Portals:
Hell: Depths:1 Depths:2 Depths:3 Depths:4
Abyss: Lair:5 Depths:2 Depths:3
Pandemonium: Depths:2 Depths:3
Ziggurat: Depths:1

Annotations:
D:9 3 runed translucent doors, zewo's ghost, novice GnWn
Swamp:4 1 runed translucent door, whatisthis's ghost, adept DsBr
Zot:1 2 transporters, Sackuas's ghost, veteran OnBe
Zot:3 2 transporters, Pessaschasee's ghost, legendary HOFi
Zot:4 2 transporters


Innate Abilities, Weirdness & Mutations

You have razor-sharp teeth.
You heal very quickly.
When hurt, damage is shared between your health and your magic reserves.
Your bite disrupts and absorbs the magic of your enemies.
Potions cannot restore your health.
You have large cloven feet.
Your flesh is cold resistant. (rC+)
Your body sometimes deteriorates upon taking damage.
Your flesh is heat resistant. (rF+)
You are strong-willed. (Will+)
You occasionally lose the ability to read scrolls when taking damage.


Message History

You puncture the rust devil! You bite the rust devil!! You drain its power.
You feel invigorated.
You puncture the rust devil!
You kill the rust devil!
There is a stone staircase leading up here.
You climb upwards.
There is a stone staircase leading down here.
You climb downwards.
There is a stone staircase leading up here.
There is a stone staircase leading up here.
You climb upwards.
There is a stone staircase leading down here.
There is an escape hatch in the ceiling here.
A mysterious force pulls you upwards. The hatch slams shut behind you.
There is a stone staircase leading up here.
You climb upwards.
There is a stone staircase leading down here.
An Orb Guardian comes into view.
You hit the Orb Guardian but do no damage.
You bite the Orb Guardian! You drain its power.
You feel invigorated.
You puncture the Orb Guardian! You bite the Orb Guardian!! You drain its power.
You feel invigorated.
The Orb Guardian is heavily wounded.
You block the Orb Guardian's attack.
You puncture the Orb Guardian! You bite the Orb Guardian. You drain its power.
You feel invigorated.
You barely miss the Orb Guardian. You bite the Orb Guardian!!
You kill the Orb Guardian!
You can now pass through a line of other dancers.
Okay, then.
You can no longer pass through a line of other dancers.
Aiming: Dig
Press: ? - help, Shift-Dir - straight line This square is wreathed by an umbra and is covered in magical glow.
The rock shatters into small pieces.
Unknown command.
You see here a +0 club.
There is a staircase leading out of the dungeon here.
Okay, then.
Okay, then.
You have escaped!

..##.#..###.##'###.#...##
..##....###.#..♣~#.###..#########
..####...)..#~.~♣#.# ##.#........
.#####.###..)..~P#.####..........
.......###..#P..~#...........÷...
#####....#..#~..P#...##.~~.....##
#......#.##.#♣P.~###....~⌠~..#.##
.....###.##.#♣~..# ####.~........
.....# #....#~~.@# #..........
.....# ####.###.########)##......
##.###### #.....)........##......
.#.#....# ######........#########
.#.#....# #..........# ........#
####.##....####### ........#
#...#.#......... .#.#....#
#.#...#.#....... .....####
#.##..#.#.......


There were no monsters in sight!

Vanquished Creatures
  Dissolution (Slime:2)
  the Royal Jelly (Slime:5)
  Frederick (Depths:3)
  3 ancient liches (Zot:5)
  Mara (Spider:3)
  3 dread liches
  6 orbs of fire
  Khufu (Crypt:3)
  Mennas (Vaults:4)
  Xtahua (Vaults:5)
  Sojobo (Vaults:2)
  Vv (Crypt:2)
  4 Killer Klowns
  Josephina (Depths:4)
  Bai Suzhen (Swamp:3)
  2 curse toes (Zot:1)
  A caustic shrike (Depths:3)
  Saint Roka (Vaults:2)
  11 golden dragons
  Geryon (Hell)
  Nikola (Swamp:1)
  Norris (Vaults:1)
  Jory (Crypt:2)
  A bone dragon (Abyss:2)
  Arachne (Spider:2)
  4 electric golems
  Jorgrun (Swamp:1)
  A shard shrike skeleton (Crypt:3)
  22 tentacled monstrosities
  Zenata (Vaults:2)
  Mlioglotl (Swamp:1)
  8 liches
  5 titans (Vaults:5)
  4 deep elf blademasters
  28 Orb Guardians
  10 death cobs
  An Executioner (Abyss:3)
  2 deep elf master archers (Elf:3)
  3 ancient champions
  8 sphinxes
  3 tentacled starspawn (Abyss:3)
  A thorn hunter (Swamp:4)
  7 quicksilver dragons
  13 acid blobs
  14 tengu reavers
  17 storm dragons
  12 shadow dragons
  5 protean progenitors
  7 revenants
  Donald (Spider:1)
  8 rockslimes (Slime:5)
  2 daevas (Abyss:3)
  4 fenstrider witches (Swamp:4)
  2 draconian monks (Zot:2)
  4 draconian knights
  6 fire giants
  11 azure jellies
  5 emperor scorpions
  12 deep elf sorcerers
  3 iron dragons
  10 frost giants
  7 draconian shifters
  Louise (Spider:3)
  16 vault wardens
  2 imperial myrmidons (Desolation)
  2 angels (Abyss:3)
  4 draconian scorchers
  2 balrugs (Hell)
  3 curse skulls
  7 deep elf elementalists
  3 ghouls (Crypt:1)
  6 reapers
  2 caustic shrike skeletons (Crypt:3)
  2 caustic shrike zombies
  An orc warlord (Vaults:4)
  15 ironbound preservers
  7 ghost moths
  2 juggernaut zombies
  7 formless jellyfish
  4 draconian annihilators
  6 ironbound thunderhulks
  A cacodemon (Abyss:3)
  8 quicksilver oozes (Slime:5)
  6 very ugly things
  7 deep elf demonologists
  12 stone giants
  12 white draconians
  11 green draconians
  11 black draconians
  3 bunyips
  9 vampire knights
  9 deep elf annihilators
  A lorocyproca (Depths:3)
  9 eleionomae
  7 halazid warlocks
  10 purple draconians
  A spectral titan (WizLab)
  8 spark wasps
  4 war gargoyles
  12 yellow draconians
  4 dire elephants
  9 deep elf death magi
  7 red draconians
  2 blizzard demons (Hell)
  2 crystal guardians
  A spectral quicksilver dragon (WizLab)
  A green death (Hell)
  10 ettins
  2 quicksilver dragon zombies (WizLab)
  7 jiangshi
  2 mummy priests
  2 shambling mangroves
  2 entropy weavers
  12 eidola
  7 fire dragons
  9 ragged hierophants (Desolation)
  7 deep elf high priests
  An entropy weaver (shapeshifter) (D:15)
  12 yaktaur captains
  40 vault guards
  3 rakshasas
  10 servants of whispers
  5 spriggan zombies
  12 peacekeepers
  A ghost crab (Swamp:3)
  3 great orbs of eyes
  9 spriggan air magi
  4 hell beasts
  11 hydras
  5 ice dragons
  2 catoblepae
  A spriggan skeleton (Crypt:1)
  12 ironbound frosthearts
  3 jorogumos
  5 radroaches
  15 centaur warriors
  6 death knights
  6 ogre magi
  9 alligators
  A tengu warrior (D:15)
  33 dancing weapons
  6 boulder beetles
  16 two-headed ogres
  2 titan zombies
  A hell hog (Hell)
  2 fenstrider witch skeletons
  4 death yaks
  5 orc high priests
  6 vampire magi
  10 deep troll shamans
  6 deep troll earth magi
  Urug (D:13)
  10 demonic crawlers
  3 holy swine (Abyss:3)
  3 spriggan berserkers
  2 occultists
  2 shock serpents (Zot:3)
  A shock serpent (shapeshifter) (Vaults:5)
  12 soul eaters
  4 sun demons
  3 thrashing horrors
  A storm dragon zombie (Hell)
  15 deep elf knights
  Amaemon (D:8)
  10 hell knights
  A wretched star (Abyss:3)
  4 skysharks
  5 sixfirhies
  A storm dragon skeleton (Crypt:3)
  A death drake (shapeshifter) (Depths:3)
  2 skysharks (shapeshifter)
  3 shadow wraiths
  41 deep trolls
  20 skeletal warriors
  2 anaconda zombies (Hell)
  A cherub (Zot:3)
  A fire crab (D:15)
  3 iron trolls
  4 pharaoh ants
  A spark wasp zombie (WizLab)
  4 goliath frogs
  An iron giant zombie (Crypt:3)
  6 flayed ghosts
  11 orb spiders
  2 bog bodies
  A kraken simulacrum (Hell)
  A shadow dragon zombie (Crypt:3)
  2 bunyip zombies
  6 spriggan druids
  A sun moth (Spider:3)
  3 harpies (Vaults:1)
  9 deep elf archers
  11 arcanists
  23 ironbound convokers
  3 spectral wolf spiders (WizLab)
  A glowing orange brain (Vaults:4)
  21 phantasmal warriors
  An alligator zombie (Hell)
  31 ugly things
  2 swamp dragons
  An obsidian statue (D:15)
  3 steelbarb worms
  2 lindwurms (shapeshifter)
  31 deep elf pyromancers
  An anaconda skeleton (Crypt:1)
  2 spectral spriggans (WizLab)
  30 deep elf zephyrmancers
  24 necromancers
  16 lindwurms
  2 steelbarb worms (shapeshifter) (Depths:4)
  2 wolf spider zombies (WizLab)
  18 orc knights
  3 shining eyes
  A frost giant zombie (Hell)
  An iron dragon zombie (Crypt:3)
  2 harpies (shapeshifter) (D:13)
  A fire giant zombie (Hell)
  2 orc sorcerers (Swamp:4)
  26 wolf spiders
  A glowing shapeshifter (Vaults:5)
  3 will-o-the-wisps
  A manticore (shapeshifter) (Depths:1)
  Maurice (D:7)
  5 stone giant zombies
  7 cyclopes
  28 moths of wrath
  An alligator skeleton (Hell)
  A moth of wrath (shapeshifter) (D:15)
  3 meliai (shapeshifter)
  A naga zombie (Crypt:2)
  3 manticores
  13 elephants
  10 rust devils
  6 meliai
  Joseph (D:8)
  2 dire elephant zombies (Crypt:3)
  A centaur zombie (Crypt:2)
  A storm dragon simulacrum (Depths:4)
  6 black mambas
  3 ice statues
  A fire giant skeleton (Vaults:4)
  4 gargoyles
  2 apocalypse crabs (Abyss:3)
  5 guardian serpents (Desolation)
  12 cane toads
  13 large abominations
  3 titan simulacra
  An alligator snapping turtle zombie (Crypt:3)
  7 smoke demons
  8 torpor snails
  3 eyes of devastation
  2 stone giant skeletons (Crypt:1)
  An elephant slug zombie (Crypt:1)
  18 vault sentinels
  4 orange demons
  3 centaur skeletons
  7 molten gargoyles
  Jeremiah (D:7)
  12 freezing wraiths
  A kobold demonologist (D:12)
  28 yaktaurs
  14 komodo dragons
  A yaktaur (shapeshifter) (D:15)
  A bunyip simulacrum (Hell)
  A sea snake zombie (Hell)
  2 tengu conjurers
  2 unseen horrors
  An efreet (Volcano)
  3 rime drakes
  2 white draconian skeletons
  A queen bee (D:12)
  A tormentor (Zot:1)
  7 harpy zombies
  A golden dragon simulacrum (Hell)
  A guardian mummy (Crypt:3)
  A troll (shapeshifter) (Lair:5)
  A spectral harpy (WizLab)
  2 ancient zymes (Abyss:3)
  2 burning bushes (Lair:4)
  3 hydra zombies (Hell)
  2 shadow dragon simulacra
  17 hornets
  An alligator simulacrum (Hell)
  4 tyrant leeches
  17 hellwings
  10 polar bears (IceCv)
  74 saltlings
  33 tarantellas
  4 hydra skeletons
  13 trolls
  3 harpy skeletons
  27 blink frogs
  A stone giant simulacrum (Crypt:2)
  3 glass eyes (Slime:5)
  3 ettin zombies (Crypt:3)
  11 dream sheep
  5 raiju
  Sigmund (D:3)
  An air elemental (Elf:2)
  21 jumping spiders
  100 slime creatures
  A merfolk skeleton (Crypt:3)
  A centaur simulacrum (Hell)
  17 spriggans
  3 shadows
  2 ettin skeletons
  5 fire bats
  A spriggan (shapeshifter) (D:14)
  4 wyverns
  A black mamba skeleton (Crypt:3)
  2 ushabtiu (Crypt:3)
  29 culicivoras
  2 fire elementals
  3 ynoxinuls (Lair:5)
  A steam dragon (D:4)
  A vampire (D:10)
  A golden eye (shapeshifter) (D:15)
  8 wraiths
  6 water elementals
  47 yaks
  A blink frog (shapeshifter) (D:15)
  A neqoxec (Abyss:3)
  3 golden eyes (Slime:4)
  9 basilisks
  An alligator snapping turtle simulacrum (Crypt:1)
  47 redbacks
  2 wargs (Orc:1)
  7 vampire mosquitoes
  Grum (Lair:1)
  6 chaos spawn
  A harpy simulacrum (Hell)
  13 swamp worms
  Edmund (D:4)
  A swamp worm (shapeshifter) (Vaults:5)
  An acid dragon (shapeshifter) (D:15)
  An acid dragon (D:12)
  16 water moccasins
  Duvessa (D:4)
  A hell hound (Zot:5)
  2 naga skeletons
  6 black bears
  2 swamp drakes (Swamp:1)
  2 ice beasts (D:6)
  23 orc warriors
  2 sky beasts (D:8)
  33 laughing skulls
  27 wolves
  An elephant zombie (Crypt:1)
  12 small abominations
  2 tengu (shapeshifter)
  13 boggarts
  23 ogres
  14 centaurs
  2 phantoms (D:6)
  A rime drake skeleton (Crypt:1)
  Blork the orc (D:4)
  2 kobold brigands
  13 bullfrogs
  2 necrophages (Crypt:1)
  7 earth elementals
  3 scorpions
  A gnoll sergeant (D:11)
  A hornet simulacrum (D:14)
  8 wights (D:8)
  A human skeleton (Vaults:4)
  A polar bear zombie (Crypt:1)
  8 wyvern skeletons (Crypt:3)
  Dowan (D:4)
  24 killer bees
  A troll skeleton (Crypt:1)
  An electric eel (Lair:2)
  5 howler monkeys
  A bombardier beetle (D:6)
  5 jellies
  3 lava snakes (Volcano)
  An iron imp (Abyss:3)
  15 orc priests
  5 hounds
  Crazy Yiuf (D:7)
  A sleepcap (D:6)
  Terence (D:2)
  6 iguanas
  6 hell rats (Lair:5)
  14 orc wizards
  2 tengu skeletons (Crypt:1)
  A hound skeleton (Crypt:1)
  3 mummies (Crypt:3)
  9 gnolls
  2 adders
  2 shadow imps
  A swamp drake skeleton (Crypt:2)
  4 ufetubi
  A lava snake zombie (Crypt:2)
  A ribbon worm (D:4)
  3 dart slugs
  88 orcs
  9 ball pythons
  6 endoplasms
  A giant cockroach (D:3)
  5 goblins
  2 hobgoblins
  4 jackals (D:3)
  5 quokkas
  3 bats
  A frilled lizard (D:1)
  A giant cockroach zombie (Crypt:2)
  13 kobolds
  5 rats
  A rat skeleton (Crypt:2)
  4 aspiring fleshes
  16 butterflies (Vaults:4)
  A starspawn tentacle (Abyss:3)
2732 creatures vanquished.

Vanquished Creatures (collateral kills)
  A skyshark (Vaults:1)
  A wolf spider (Spider:1)
  A vault sentinel (Vaults:1)
  A tarantella (Spider:1)
4 creatures vanquished.

Vanquished Creatures (others)
  A reaper (Hell)
  A yellow draconian (Zot:1)
  A war gargoyle (Hell)
  A deep elf pyromancer (Elf:3)
  A deep elf zephyrmancer (Elf:1)
  3 bloated husks
  A tarantella (Spider:3)
  A vampire mosquito (Swamp:2)
  An orc warrior (Elf:3)
  A laughing skull (WizLab)
  An orc (Vaults:5)
  A ball python (D:4)
  22 foxfires
  5 starspawn tentacles (Abyss:3)
41 creatures vanquished.

Grand Total: 2777 creatures vanquished

Notes
Turn   | Place    | Note
-------+----------+-------------------------------------------
     0 | D:1      | Midpoint the Vine Stalker Fighter began the quest for the
                  | Orb.
     0 | D:1      | Reached XP level 1. HP: 11/11 MP: 2/2
   147 | D:1      | Reached XP level 2. HP: 16/16 MP: 3/3
   586 | D:2      | Noticed Terence
   684 | D:2      | Reached XP level 3. HP: 20/20 MP: 1/4
  1038 | D:2      | Killed Terence
  1039 | D:2      | Reached XP level 4. HP: 13/24 MP: 2/5
  1496 | D:3      | Got Sif Muna's Grimoire of Grit and Allies
  1554 | D:3      | Noticed Sigmund
  1557 | D:3      | Killed Sigmund
  1558 | D:3      | Reached XP level 5. HP: 29/29 MP: 6/6
  1558 | D:3      | Reached XP level 6. HP: 33/33 MP: 7/7
  1708 | D:4      | Noticed Dowan
  1738 | D:4      | Found a snail-covered altar of Cheibriados.
  1743 | D:4      | Noticed a steam dragon
  1759 | D:4      | Killed a steam dragon
  1760 | D:4      | Reached skill level 5 in Short Blades
  1899 | D:4      | Reached XP level 7. HP: 36/38 MP: 6/8
  1946 | D:4      | Noticed Edmund
  1976 | D:4      | Noticed Duvessa
  1983 | D:4      | Noticed Blork the orc
  1985 | D:5      | Entered Level 5 of the Dungeon
  1988 | D:5      | Reached skill level 1 in Evocations
  2446 | D:5      | Reached skill level 5 in Fighting
  2939 | D:4      | Killed Edmund
  2940 | D:4      | Gained mutation: You have razor-sharp teeth. [Vine Stalker
                  | growth]
  2940 | D:4      | Reached XP level 8. HP: 34/43 MP: 9/9
  3174 | D:6      | Noticed a yak
  3192 | D:6      | Killed a yak
  3359 | D:6      | Reached XP level 9. HP: 46/47 MP: 10/10
  3512 | D:6      | Noticed a troll
  3520 | D:6      | Killed a troll
  3697 | D:6      | Found a sparkling altar of Nemelex Xobeh.
  3842 | D:6      | Reached skill level 5 in Armour
  3994 | D:7      | Found a blossoming altar of Fedhas.
  4018 | D:7      | Noticed Jeremiah
  4083 | D:7      | Killed Jeremiah
  4251 | D:7      | Reached skill level 10 in Short Blades
  4299 | D:7      | Noticed Maurice
  4582 | D:7      | Maurice stole 3 silver javelins
  4583 | D:7      | Maurice stole 517 gold
  4586 | D:7      | Killed Maurice
  4587 | D:7      | Reached XP level 10. HP: 51/51 MP: 11/11
  4670 | D:7      | Found a runed translucent door.
  4671 | D:7      | Noticed Crazy Yiuf
  4682 | D:7      | Killed Crazy Yiuf
  4733 | D:7      | Reached skill level 1 in Stealth
  4734 | D:7      | Noticed a two-headed ogre
  4925 | D:4      | Found a staircase to the Ecumenical Temple.
  4934 | Temple   | Entered the Ecumenical Temple
  4951 | Temple   | Became a worshipper of Uskayaw the Reveller
  5022 | D:4      | Reached * piety under Uskayaw
  5029 | D:4      | Reached ** piety under Uskayaw
  5030 | D:4      | Killed Blork the orc
  5131 | D:4      | Killed Duvessa
  5134 | D:4      | Reached *** piety under Uskayaw
  5135 | D:4      | Killed Dowan
  5262 | D:8      | Reached skill level 1 in Invocations
  5294 | D:8      | Found Vebahy's Weapon Shop.
  5387 | D:8      | Got the Precepts of Geomancy and Shifting
  5427 | D:8      | Found a hazy altar of Hepliaklqana.
  5474 | D:8      | Learned a level 2 spell: Blink
  5521 | D:8      | Found a shadowy altar of Dithmenos.
  5533 | D:8      | Noticed an orange demon
  5542 | D:8      | Reached skill level 2 in Invocations
  5549 | D:8      | Killed an orange demon
  5551 | D:8      | Reached **** piety under Uskayaw
  5555 | D:8      | Noticed Amaemon
  5565 | D:8      | Reached ***** piety under Uskayaw
  5571 | D:8      | Killed Amaemon
  5572 | D:8      | Reached skill level 3 in Invocations
  5732 | D:8      | Found a white marble altar of Elyvilon.
  5826 | D:8      | Noticed Joseph
  5847 | D:8      | Killed Joseph
  5848 | D:8      | Reached skill level 4 in Invocations
  6188 | D:9      | Reached XP level 11. HP: 58/58 MP: 15/15
  6189 | D:9      | Noticed a two-headed ogre
  6294 | D:9      | Found Joon's Book Boutique.
  6360 | D:9      | Found a radiant altar of Vehumet.
  6434 | D:9      | Found a flagged portal.
  6516 | Bailey   | Entered a bailey
  6599 | Bailey   | Reached skill level 5 in Shields
  6599 | Bailey   | Reached skill level 5 in Invocations
  6638 | Bailey   | Noticed an orc knight
  6639 | Bailey   | Noticed an orc knight
  6683 | Bailey   | Killed an orc knight
  6741 | Bailey   | Killed an orc knight
  6786 | Bailey   | Reached skill level 1 in Dodging
  6797 | Bailey   | Noticed an orc knight
  6820 | Bailey   | Killed an orc knight
  6861 | Bailey   | Noticed an orc knight
  6902 | Bailey   | Killed an orc knight
  6962 | D:9      | Reached skill level 6 in Invocations
  6983 | D:9      | Reached skill level 5 in Stealth
  7064 | D:9      | Killed a two-headed ogre
  7081 | D:9      | Found Wohyxac's Book Emporium.
  7289 | D:9      | Found a runed translucent gate.
  7289 | D:9      | Found a runed translucent gate.
  7289 | D:9      | Found a runed translucent gate.
  7294 | D:9      | Noticed zewo's ghost (novice GnWn)
  7458 | D:10     | Entered Level 10 of the Dungeon
  7569 | D:10     | Found a staircase to the Lair.
  7583 | D:10     | Found a staircase to the Orcish Mines.
  7589 | D:10     | Upgraded the game from 0.32-a0-163-g159c032296 to
                  | 0.32-a0-172-gc5dd13f2a7
  7700 | D:10     | Found a glowing golden altar of the Shining One.
  7818 | D:10     | Reached XP level 12. HP: 60/63 MP: 18/18
  7823 | D:10     | Reached skill level 7 in Invocations
  7904 | D:10     | Found an ancient bone altar of Kikubaaqudgha.
  7904 | D:10     | Found an opulent altar of Gozag.
  7909 | D:10     | Found a faded altar of an unknown god.
  7911 | D:10     | Found a faded altar of an unknown god.
  7912 | D:10     | Found an iron altar of Okawaru.
  8544 | D:11     | Noticed a boulder beetle
  8568 | D:11     | Killed a boulder beetle
  8601 | D:11     | Learned a level 1 spell: Apportation
  8742 | D:11     | Acquired 804 gold pieces
  9124 | Orc:1    | Entered Level 1 of the Orcish Mines
  9162 | Orc:2    | Entered Level 2 of the Orcish Mines
  9178 | Orc:2    | Found a staircase to the Elven Halls.
  9191 | Orc:1    | Reached skill level 1 in Translocations
  9221 | Orc:1    | Reached skill level 1 in Spellcasting
  9304 | Orc:2    | Noticed a two-headed ogre
  9316 | Orc:2    | Killed a two-headed ogre
  9393 | Orc:2    | Found Ruwom's Weapon Emporium.
  9506 | Orc:1    | Noticed a two-headed ogre
  9520 | Orc:1    | Killed a two-headed ogre
  9573 | Orc:1    | Reached skill level 8 in Invocations
  9901 | Orc:2    | Noticed a two-headed ogre
  9920 | Orc:2    | Killed a two-headed ogre
  9921 | Orc:2    | Reached skill level 1 in Throwing
  9939 | Orc:2    | Reached ****** piety under Uskayaw
  9950 | Orc:2    | Noticed a two-headed ogre
  9976 | Orc:2    | Noticed a two-headed ogre
  9978 | Orc:2    | Killed a two-headed ogre
  9989 | Orc:2    | Killed a two-headed ogre
  9998 | Orc:2    | Noticed a two-headed ogre
 10000 | Orc:2    | Noticed a two-headed ogre
 10012 | Orc:2    | Killed a two-headed ogre
 10024 | Orc:2    | Noticed a two-headed ogre
 10026 | Orc:2    | Found Xakunn's Jewellery Shop.
 10038 | Orc:2    | Killed a two-headed ogre
 10039 | Orc:2    | Reached XP level 13. HP: 62/68 MP: 20/20
 10052 | Orc:2    | Found Ranliewu's Antique Weapon Boutique.
 10083 | Orc:2    | Reached skill level 9 in Invocations
 10107 | Orc:2    | Found Joiniuge's Antique Armour Shoppe.
 10209 | Orc:2    | Found Xokeh's General Store.
 10423 | Orc:2    | Bought the amulet "Bigreoz" {rF+ Regen+ rCorr Str+2 Int+2}
                  | for 696 gold pieces
 10441 | Orc:2    | Bought a transparent helmet for 180 gold pieces
 10441 | Orc:2    | Identified the +0 helmet of the Locust {Will+ Dex+5} (You
                  | bought it in a shop on level 2 of the Orcish Mines)
 10450 | Orc:2    | Bought a glimmering scale mail for 171 gold pieces
 10450 | Orc:2    | Identified the +6 scale mail of the Mackerel {^Contam rF+
                  | rC+ Will+} (You bought it in a shop on level 2 of the
                  | Orcish Mines)
 10483 | Orc:2    | Bought a ring of poison resistance for 280 gold pieces
 10483 | Orc:2    | Bought a scroll of teleportation for 42 gold pieces
 10483 | Orc:2    | Bought a scroll of teleportation for 42 gold pieces
 10483 | Orc:2    | Bought a +1 pair of gloves of infusion for 231 gold pieces
 10536 | Orc:2    | Bought 3 boomerangs for 84 gold pieces
 10578 | Lair:1   | Entered Level 1 of the Lair of Beasts
 10641 | Lair:1   | Found a frozen archway.
 10687 | IceCv    | Entered an ice cave
 10943 | IceCv    | Reached skill level 10 in Invocations
 11141 | IceCv    | Reached XP level 14. HP: 63/74 MP: 21/22
 11277 | Lair:1   | Noticed Grum
 11293 | Lair:1   | Killed Grum
 11582 | Lair:1   | Reached skill level 5 in Spellcasting
 11582 | Lair:1   | Reached skill level 5 in Translocations
 12059 | Lair:2   | Reached skill level 11 in Invocations
 12218 | Lair:2   | Found a hole to the Spider Nest.
 12309 | Lair:2   | Found a dark tunnel.
 12323 | Volcano  | Entered a volcano
 12423 | Volcano  | Found a bloodstained altar of Trog.
 12528 | Volcano  | Noticed a stone giant
 12545 | Volcano  | Killed a stone giant
 12800 | Lair:2   | Found a staircase to the Swamp.
 13849 | Lair:5   | Entered Level 5 of the Lair of Beasts
 13915 | Lair:5   | Reached skill level 12 in Invocations
 14231 | Lair:5   | Reached XP level 15. HP: 79/80 MP: 25/25
 14422 | Lair:5   | Learned a level 4 spell: Passage of Golubria
 14426 | Lair:5   | Learned a level 3 spell: Tukima's Dance
 14441 | Lair:5   | Reached skill level 10 in Fighting
 14725 | Lair:5   | Found a corrupted altar of Lugonu.
 14725 | Lair:5   | Found a one-way gate to the infinite horrors of the Abyss.
 14741 | Lair:5   | Got an earthy gem with 739 turns to spare
 14989 | Lair:3   | Reached skill level 13 in Invocations
 15092 | D:12     | Reached skill level 1 in Hexes
 15327 | D:12     | Reached skill level 10 in Shields
 15447 | D:13     | Noticed Urug
 15462 | D:13     | Killed Urug
 15743 | D:13     | Learned a level 2 spell: Lesser Beckoning
 16176 | D:14     | Identified the +1 helmet "Cumeiliri" {Str+3 Dex+2}
 16279 | D:14     | Found an opulent altar of Gozag.
 16390 | D:14     | Reached XP level 16. HP: 84/85 MP: 27/27
 16611 | D:14     | Found a gate to the Vaults.
 16689 | D:15     | Entered Level 15 of the Dungeon
 17027 | D:15     | Reached skill level 14 in Invocations
 17303 | D:15     | HP: 4/85 [frost giant/+0 battleaxe of freezing (4)]
 17652 | D:15     | Got the Octavo of the Neverending Emperors
 17934 | D:15     | Found a staircase to the Depths.
 18242 | D:15     | Reached skill level 5 in Hexes
 18829 | Swamp:1  | Entered Level 1 of the Swamp
 18998 | Swamp:1  | Reached skill level 15 in Invocations
 19118 | Swamp:1  | Found Ciozas's Island Escapes.
 19118 | Swamp:1  | Noticed Jorgrun
 19118 | Swamp:1  | Noticed Mlioglotl
 19119 | Swamp:1  | Noticed a tentacled starspawn
 19338 | Swamp:1  | Noticed Nikola
 19392 | Swamp:1  | Killed Nikola
 19393 | Swamp:1  | Reached XP level 17. HP: 67/89 MP: 22/29
 19400 | Swamp:1  | Killed Mlioglotl
 19491 | Swamp:1  | Killed Jorgrun
 19503 | Swamp:1  | Bought a potion of enlightenment for 70 gold pieces
 20456 | Swamp:4  | Entered Level 4 of the Swamp
 20975 | Swamp:4  | Got a decaying rune of Zot
 21142 | Swamp:4  | Found a runed translucent door.
 21142 | Swamp:4  | Found a shimmering altar of Xom.
 21142 | Swamp:4  | Noticed whatisthis's ghost (adept DsBr)
 21402 | Swamp:4  | Acquired 655 gold pieces
 21788 | Swamp:3  | Noticed Bai Suzhen
 21820 | Swamp:3  | Killed Bai Suzhen
 22126 | Orc:2    | Bought a ring of see invisible for 180 gold pieces
 22236 | Spider:1 | Entered Level 1 of the Spider Nest
 22332 | Spider:2 | Reached XP level 18. HP: 95/95 MP: 30/30
 22610 | Spider:3 | Noticed Louise
 22626 | Spider:3 | Killed Louise
 22667 | Spider:3 | Noticed Mara
 22687 | Spider:3 | Noticed Midpoint's illusion
 22687 | Spider:3 | Killed Mara
 23114 | Spider:3 | Got Biliuz's Lessons on Vapourous Bad Luck
 23149 | Spider:3 | Learned a level 1 spell: Slow
 23298 | Spider:4 | Entered Level 4 of the Spider Nest
 23416 | Spider:4 | Found the +8 trishula "Condemnation" {holy, anguish, *Noise
                  | Fly rN+}
 23879 | Spider:4 | Reached skill level 16 in Invocations
 23994 | Spider:4 | Got a milky-white gem with 797 turns to spare
 24003 | Spider:4 | Got a gossamer rune of Zot
 24409 | Spider:2 | Noticed Arachne
 24604 | Spider:1 | Noticed Donald
 24811 | Spider:2 | Reached XP level 19. HP: 90/99 MP: 32/32
 24819 | Spider:1 | Reached skill level 5 in Evocations
 24903 | Spider:1 | Killed Donald
 25164 | Spider:2 | Killed Arachne
 25798 | Vaults:1 | Entered Level 1 of the Vaults
 25832 | Vaults:1 | Reached skill level 10 in Armour
 25964 | Vaults:1 | Got the Tome of the Alembic and the Vector
 25967 | Vaults:1 | Found a crumbling gateway.
 26001 | Desolati | Entered the Desolation of Salt
 26065 | Desolati | Got Cerebov's Notes on the Pyromaniac
 26147 | Desolati | Identified the +10 orcbow of the Queen {drain, rElec Dex+4}
 26512 | Desolati | Identified the ring of Uweip {Ice rPois Str+4 Dex-3 Stlth+}
 26652 | Desolati | Identified the +3 mace of Theory {heavy, ^Fragile Dex+5}
 26690 | Desolati | Reached skill level 15 in Shields
 26703 | Desolati | Identified the ring of the Catfish {Int+6 Dex+2 Slay+3}
 26717 | Desolati | Identified the +6 gold dragon scales of Laavojed {rElec
                  | rPois rF+ rC+ Slay+6}
 26921 | Desolati | Reached XP level 20. HP: 74/107 MP: 29/33
 27021 | Desolati | Got Sif Muna's Verses on Position and the Scorpion
 27028 | Desolati | Identified the +1 ring mail of the Bulwark {rC+}
 27040 | Desolati | Identified the ring "Etouvueh" {^Drain rElec Will+ Int+2}
 27057 | Desolati | Identified the +0 chain mail of Untya {Int+7 Dex-5 Slay+3}
 27114 | Desolati | Identified the +10 quarterstaff of the Tired Gods {protect,
                  | rC+++ Will- Dex+4}
 27745 | Vaults:1 | Noticed Norris
 27768 | Vaults:1 | Killed Norris
 27906 | Vaults:1 | Identified the +8 arbalest "Nyapleob" {antimagic, *Slow Fly
                  | Will+ SInv}
 28209 | Vaults:2 | Noticed Sojobo
 28249 | Vaults:2 | Killed Sojobo
 28598 | Vaults:2 | Noticed Saint Roka
 28613 | Vaults:2 | Killed Saint Roka
 28647 | Vaults:2 | Noticed Zenata
 28660 | Vaults:2 | Killed Zenata
 28785 | Vaults:2 | Reached XP level 21. HP: 112/112 MP: 32/34
 29220 | Vaults:2 | Upgraded the game from 0.32-a0-172-gc5dd13f2a7 to
                  | 0.32-a0-290-g598725c5f2
 29340 | Vaults:3 | Found a staircase to the Crypt.
 29996 | Vaults:3 | Identified the amulet "Garghazy" {Acrobat +Blink rPois
                  | Will+}
 30073 | Vaults:4 | Noticed Mennas
 30090 | Vaults:4 | Killed Mennas
 30123 | Vaults:4 | Found Zocuax's Distillery.
 30127 | Vaults:4 | Bought a potion of might for 84 gold pieces
 30127 | Vaults:4 | Bought a potion of curing for 63 gold pieces
 30127 | Vaults:4 | Bought a potion of curing for 63 gold pieces
 30135 | Vaults:4 | Bought a potion of mutation for 168 gold pieces
 30250 | Vaults:4 | Reached skill level 17 in Invocations
 30293 | Vaults:4 | Found a roughly hewn altar of Beogh.
 30305 | Vaults:4 | Got Nixtoh's Papyrus of Fog
 30375 | Vaults:4 | Found a huge runed translucent gate.
 30375 | Vaults:4 | Found a huge runed translucent gate.
 30375 | Vaults:4 | Found a huge runed translucent gate.
 30421 | Vaults:4 | Found a huge runed translucent gate.
 30422 | Vaults:4 | Found a huge runed translucent gate.
 30422 | Vaults:4 | Found a huge runed translucent gate.
 30422 | Vaults:4 | Found a huge runed translucent gate.
 30423 | Vaults:4 | Found a huge runed translucent gate.
 30423 | Vaults:4 | Found a huge runed translucent gate.
 30423 | Vaults:4 | Found a huge runed translucent gate.
 30423 | Vaults:4 | Found a huge runed translucent gate.
 30423 | Vaults:4 | Found a huge runed translucent gate.
 30423 | Vaults:4 | Found a huge runed translucent gate.
 30423 | Vaults:4 | Found a huge runed translucent gate.
 30423 | Vaults:4 | Found a huge runed translucent gate.
 30428 | Vaults:4 | Found a huge runed translucent gate.
 30429 | Vaults:4 | Found a huge runed translucent gate.
 30430 | Vaults:4 | Found a huge runed translucent gate.
 30431 | Vaults:4 | Found a huge runed translucent gate.
 30432 | Vaults:4 | Found a huge runed translucent gate.
 30432 | Vaults:4 | Found a huge runed translucent gate.
 30434 | Vaults:4 | Identified the +0 helmet of Xateuvol {^Contam Fly rPois}
 30436 | Vaults:4 | Found a huge runed translucent gate.
 30437 | Vaults:4 | Found a huge runed translucent gate.
 30438 | Vaults:4 | Found a huge runed translucent gate.
 30438 | Vaults:4 | Found a huge runed translucent gate.
 30440 | Vaults:4 | Found a huge runed translucent gate.
 30441 | Vaults:4 | Found a huge runed translucent gate.
 30442 | Vaults:4 | Found a huge runed translucent gate.
 30442 | Vaults:4 | Found a huge runed translucent gate.
 30442 | Vaults:4 | Found a huge runed translucent gate.
 30454 | Vaults:4 | Reached skill level 10 in Evocations
 30456 | Vaults:4 | Found a huge runed translucent gate.
 30456 | Vaults:4 | Found a huge runed translucent gate.
 30457 | Vaults:4 | Found a huge runed translucent gate.
 30457 | Vaults:4 | Found a huge runed translucent gate.
 30458 | Vaults:4 | Found a huge runed translucent gate.
 30459 | Vaults:4 | Found a huge runed translucent gate.
 31484 | Vaults:1 | Reached XP level 22. HP: 114/119 MP: 31/35
 31664 | Elf:1    | Entered Level 1 of the Elven Halls
 31767 | Elf:1    | Found Reicak's Book Boutique.
 31784 | Elf:1    | Found a magical portal.
 31830 | Elf:1    | Found a portal to a secret trove of treasure.
 31876 | WizLab   | Entered Borgnjor's Mausoleum
 31956 | WizLab   | Reached skill level 5 in Dodging
 32747 | Elf:1    | Found Masutydu's Jewellery Shoppe.
 33049 | Elf:1    | Found Ozepem's Distillery.
 33409 | Elf:2    | Reached skill level 18 in Invocations
 33468 | Elf:2    | Found a runed translucent gate.
 33468 | Elf:2    | Found a runed translucent gate.
 33468 | Elf:2    | Found a runed translucent gate.
 33592 | Elf:1    | Found a radiant altar of Vehumet.
 33989 | Elf:3    | Entered Level 3 of the Elven Halls
 34126 | Elf:3    | Identified the ring "Widovvea" {rPois rC++ rCorr EV+5
                  | Int-5}
 34180 | Elf:3    | Reached XP level 23. HP: 125/125 MP: 35/37
 34339 | Elf:3    | Identified the +5 broad axe of Dawn {freeze, ^Contam Fly
                  | Str+3}
 34484 | Elf:3    | Identified the +1 leather armour of Valour {Fly Str+3
                  | Dex+3}
 34519 | Elf:3    | Reached skill level 15 in Fighting
 34636 | Elf:3    | Identified the +9 spear of Imuc {flame, +Blink rF+ Will+
                  | Dex+3}
 34753 | Elf:3    | Found Zoeciur's Jewellery Shoppe.
 34865 | Elf:3    | Identified the +0 robe of a wizard's laboratory {rElec
                  | rCorr Dex-3}
 34865 | Elf:3    | Identified the amulet "Kausikar" {Reflect -Cast rC++ SH+5
                  | SInv}
 35578 | Lair:4   | Reached skill level 19 in Invocations
 35718 | Lair:4   | Found a viscous altar of Jiyva.
 35718 | Lair:4   | Found a staircase to the Slime Pits.
 35724 | Slime:1  | Entered Level 1 of the Pits of Slime
 35778 | Slime:2  | Noticed Dissolution
 35786 | Slime:2  | Killed Dissolution
 36018 | Slime:3  | Gained mutation: Your magical capacity is low. (-10% MP) [a
                  | shining eye]
 36190 | Slime:5  | Entered Level 5 of the Pits of Slime
 36323 | Slime:4  | Gained mutation: You passively map a small area around you.
                  | [a shining eye]
 36391 | Slime:5  | Noticed the Royal Jelly
 36401 | Slime:5  | Killed the Royal Jelly
 36408 | Slime:5  | Gained mutation: You are frail. (-10% HP) [a shining eye]
 36442 | Slime:5  | Reached XP level 24. HP: 88/119 MP: 32/34
 36453 | Slime:5  | Identified the ring "Ylaluq" {rPois MP+9 AC+4 Int-3}
 36461 | Slime:5  | Identified the +2 robe of Card Tricks {rF- Regen+ Dex+4
                  | Stlth+}
 36571 | Slime:5  | Identified the +0 plate armour "Ewuloh" {Dex+7 Stlth-}
 36636 | Slime:5  | Got a slimy rune of Zot
 36711 | Slime:5  | Identified the +7 broad axe "Plog" {heavy, rElec rPois
                  | Dex+4}
 36719 | Slime:5  | Identified the +4 chain mail of Cocytus {-Cast Will+ rCorr}
 36721 | Slime:5  | Identified the ring of Koduth {Fire rPois rN+}
 37421 | Depths:1 | Entered Level 1 of the Depths
 37530 | Depths:2 | Found a gateway to Hell.
 37551 | Depths:4 | Entered Level 4 of the Depths
 37762 | Depths:4 | Found Dozowyedgh's Magic Scroll Shoppe.
 37765 | Depths:4 | Found Tolud's Book Emporium.
 37767 | Depths:4 | Found Caas's Assorted Antiques.
 38058 | Depths:4 | Reached skill level 20 in Invocations
 38073 | Depths:4 | Identified the ring "Boaw" {Ice rPois rN+ Str-2}
 38073 | Depths:4 | Noticed Josephina
 38084 | Depths:4 | Killed Josephina
 38131 | Depths:4 | Found a gate to the Realm of Zot.
 38138 | Depths:4 | Got a midnight gem with 2333 turns to spare
 38267 | Depths:3 | Found a broken altar of Ashenzari.
 38521 | Depths:3 | Noticed a caustic shrike
 38526 | Depths:3 | Killed a caustic shrike
 38641 | Depths:3 | Identified the orb "Lauhi" {light, Int+3 Slay-3 Necro}
 38641 | Depths:3 | Noticed Frederick
 38644 | Depths:3 | Killed Frederick
 38645 | Depths:3 | Reached skill level 21 in Invocations
 38740 | Depths:3 | Found a one-way gate leading to the halls of Pandemonium.
 38888 | Depths:3 | Found an iron altar of Okawaru.
 39135 | Depths:2 | Reached XP level 25. HP: 119/126 MP: 32/34
 39470 | Depths:2 | Found Anux's General Store.
 39471 | Depths:2 | Found Waczeargh's Armour Emporium.
 39558 | Depths:2 | Found a corrupted altar of Lugonu.
 39684 | Depths:1 | Found a hide-covered altar of Uskayaw.
 39732 | Depths:1 | Found a one-way gateway to a ziggurat.
 40773 | Crypt:1  | Entered Level 1 of the Crypt
 40778 | Crypt:1  | Reached skill level 1 in Polearms
 40834 | Crypt:3  | Entered Level 3 of the Crypt
 40961 | Crypt:3  | Noticed Khufu
 40985 | Crypt:3  | Killed Khufu
 41145 | Crypt:3  | Found a staircase to the Tomb.
 41146 | Crypt:3  | Found the +8 Vampire's Tooth {megavamp}
 41275 | Crypt:3  | Reached skill level 5 in Polearms
 41584 | Crypt:3  | Found an ancient bone altar of Kikubaaqudgha.
 41790 | Crypt:3  | Got an ivory gem with 893 turns to spare
 41816 | Crypt:3  | Noticed a dread lich
 41818 | Crypt:3  | Identified the +9 battleaxe of Weelairih {heavy, rC+}
 41823 | Crypt:3  | Killed a dread lich
 42040 | Crypt:3  | Upgraded the game from 0.32-a0-290-g598725c5f2 to
                  | 0.32-a0-306-gfed3edf829
 42227 | Crypt:2  | Noticed Vv
 42234 | Crypt:2  | Killed Vv
 42542 | Crypt:2  | Noticed Jory
 42553 | Crypt:2  | Killed Jory
 42556 | Crypt:2  | Reached skill level 10 in Polearms
 42935 | Crypt:1  | Found an ancient bone altar of Kikubaaqudgha.
 43151 | Crypt:1  | Reached XP level 26. HP: 121/127 MP: 34/35
 44007 | Vaults:5 | Entered Level 5 of the Vaults
 44058 | Vaults:5 | Found Ynlato's Magic Scroll Shop.
 44093 | Vaults:5 | Bought a scroll of fog for 60 gold pieces
 44093 | Vaults:5 | Bought a scroll of silence for 142 gold pieces
 44093 | Vaults:5 | Bought a scroll of blinking for 112 gold pieces
 44096 | Vaults:5 | Got a silver rune of Zot
 44183 | Vaults:5 | Noticed Xtahua
 44195 | Vaults:5 | Killed Xtahua
 44196 | Vaults:5 | Reached skill level 5 in Throwing
 44216 | Vaults:5 | Identified the +4 scale mail of Cowardice {Harm rPois rCorr
                  | Dex-2}
 44272 | Vaults:5 | Noticed a dread lich
 44280 | Vaults:5 | Killed a dread lich
 44305 | Vaults:5 | Noticed a dread lich
 44317 | Vaults:5 | Killed a dread lich
 44479 | Vaults:5 | Found the +3 robe of Clouds {*Thunder rCloud rElec}
 44493 | Vaults:5 | Learned a level 3 spell: Confusing Touch
 44545 | Vaults:5 | Found the ring of Shadows {Umbra +Inv Stlth+}
 45042 | Vaults:4 | Identified the +6 hand cannon "Ufurasem" {penet, ^Fragile
                  | rPois rC++ Stlth+}
 45642 | Elf:1    | You paid a toll of 6 scrolls of fog to enter a treasure
                  | trove
 45643 | Trove    | Entered a treasure trove
 45645 | Trove    | Found the +3 pair of seven-league boots {Rampage+∞}
 45690 | Trove    | Identified the +4 kite shield of Ravioli {+Inv rN+ Will-
                  | Str-2 Int+7}
 45730 | Trove    | Identified the +1 pair of gloves of Pemapra {rF+ Str+2
                  | Stlth+}
 45731 | Trove    | Identified the +0 pair of gloves of Antique Amelioration
                  | {^Contam Regen+ rCorr Int+3}
 45857 | Elf:1    | Upgraded the game from 0.32-a0-306-gfed3edf829 to
                  | 0.32-a0-314-g526f7d4993
 45965 | Elf:1    | Bought a potion of might for 52 gold pieces
 45965 | Elf:1    | Bought a potion of might for 52 gold pieces
 45965 | Elf:1    | Bought a potion of mutation for 104 gold pieces
 45965 | Elf:1    | Bought a potion of haste for 130 gold pieces
 45965 | Elf:1    | Bought a potion of cancellation for 104 gold pieces
 45965 | Elf:1    | Bought a potion of might for 52 gold pieces
 45965 | Elf:1    | Bought a potion of might for 52 gold pieces
 46433 | Depths:4 | Reached XP level 27. HP: 132/133 MP: 34/35
 46704 | Zot:1    | Entered Level 1 of the Realm of Zot
 46729 | Zot:1    | Reached skill level 22 in Invocations
 46743 | Zot:1    | Reached skill level 10 in Stealth
 46889 | Zot:1    | Reached skill level 15 in Evocations
 47130 | Zot:1    | Acquired the +8 lance "Wyrmbane" {slay drac, rPois rF+ rC+
                  | AC+3}
 47130 | Zot:1    | Found the +8 lance "Wyrmbane" {slay drac, rPois rF+ rC+
                  | AC+3}
 47149 | Zot:1    | Noticed a dread lich
 47388 | Zot:1    | Noticed an orb of fire
 47397 | Zot:1    | Killed an orb of fire
 47441 | Zot:1    | Noticed Sackuas's ghost (veteran OnBe)
 47446 | Zot:1    | Noticed a dread lich
 47459 | Zot:1    | Found a transporter.
 47467 | Zot:1    | Noticed an ancient lich
 47494 | Zot:1    | Found a transporter.
 47738 | Zot:4    | Noticed a dread lich
 47751 | Zot:4    | Found a transporter.
 47751 | Zot:4    | Found a transporter.
 47997 | Zot:4    | Reached skill level 15 in Armour
 48023 | Zot:5    | Entered Level 5 of the Realm of Zot
 48475 | Zot:5    | Noticed an ancient lich
 48475 | Zot:5    | Noticed an orb of fire
 48475 | Zot:5    | Gained mutation: You sometimes lose your temper in combat.
                  | [an orb of fire]
 48481 | Zot:5    | Gained mutation: You are dopey. (Int -2) [an orb of fire]
 48485 | Zot:5    | Killed an orb of fire
 48487 | Zot:5    | Killed an ancient lich
 48534 | Zot:5    | Lost mutation: You sometimes lose your temper in combat.
                  | [potion of mutation]
 48534 | Zot:5    | Lost mutation: Your magical capacity is low. (-10% MP)
                  | [potion of mutation]
 48534 | Zot:5    | Gained mutation: You heal very quickly. [potion of
                  | mutation]
 48534 | Zot:5    | Gained mutation: You are very frail. (-20% HP) [potion of
                  | mutation]
 48534 | Zot:5    | Lost mutation: You heal very quickly. [potion of mutation]
 48911 | Zot:5    | Noticed an orb of fire
 48915 | Zot:5    | Noticed an ancient lich
 48915 | Zot:5    | Gained mutation: You are clumsy. (Dex -2) [an orb of fire]
 48918 | Zot:5    | Killed an orb of fire
 48918 | Zot:5    | Noticed an orb of fire
 48918 | Zot:5    | Gained mutation: Your magical capacity is low. (-10% MP)
                  | [an orb of fire]
 48926 | Zot:5    | Killed an orb of fire
 48931 | Zot:5    | Noticed an orb of fire
 48939 | Zot:5    | Killed an ancient lich
 49060 | Zot:5    | Killed an orb of fire
 49071 | Zot:5    | Noticed an ancient lich
 49084 | Zot:5    | Killed an ancient lich
 49120 | Zot:5    | Reached skill level 23 in Invocations
 49383 | Zot:4    | Noticed an orb of fire
 49657 | Zot:3    | Found a transporter.
 49659 | Zot:3    | Noticed Pessaschasee's ghost (legendary HOFi)
 49682 | Zot:3    | Found a transporter.
 49846 | Zot:3    | Learned a level 4 spell: Vhi's Electric Charge
 49852 | Zot:3    | Learned a level 5 spell: Borgnjor's Vile Clutch
 49885 | Zot:3    | Reached skill level 1 in Air Magic
 49894 | Zot:3    | Reached skill level 1 in Earth Magic
 49937 | Zot:2    | Noticed an orb of fire
 49972 | Zot:2    | Reached skill level 1 in Necromancy
 49983 | Zot:2    | Killed an orb of fire
 50525 | Hell     | Entered the Vestibule of Hell
 50525 | Hell     | Noticed Geryon
 50541 | Hell     | Killed Geryon
 50669 | Hell     | Reached skill level 5 in Air Magic
 50686 | Hell     | Reached skill level 5 in Earth Magic
 50696 | Hell     | Found a gateway to the Iron City of Dis.
 50808 | Hell     | Found a gateway to the freezing wastes of Cocytus.
 50871 | Hell     | Found a gateway to the decaying netherworld of Tartarus.
 50959 | Hell     | Found a gateway to the ashen valley of Gehenna.
 51209 | Depths:3 | Voluntarily entered the Abyss.
 51251 | Abyss:1  | Found a corrupted altar of Lugonu.
 51294 | Abyss:3  | Found a corrupted altar of Lugonu.
 51393 | Abyss:3  | Found a candlelit altar of Ignis.
 51396 | Abyss:3  | Gained mutation: Your body sometimes deteriorates upon
                  | taking damage. [a neqoxec]
 51413 | Abyss:3  | Found a corrupted altar of Lugonu.
 51728 | Abyss:3  | Found a shimmering altar of Xom.
 51731 | Abyss:3  | Got an abyssal rune of Zot
 51772 | Depths:3 | Escaped the Abyss
 51776 | Depths:3 | Lost mutation: Your magical capacity is low. (-10% MP)
                  | [potion of mutation]
 51776 | Depths:3 | Lost mutation: You are clumsy. (Dex -2) [potion of
                  | mutation]
 51776 | Depths:3 | Lost mutation: You passively map a small area around you.
                  | [potion of mutation]
 51776 | Depths:3 | Gained mutation: You occasionally lose the ability to read
                  | scrolls when taking damage. [potion of mutation]
 51776 | Depths:3 | Gained mutation: Your flesh is heat resistant. (rF+)
                  | [potion of mutation]
 51776 | Depths:3 | Gained mutation: Your spells are a little harder to cast,
                  | but a little more powerful. [potion of mutation]
 51777 | Depths:3 | Lost mutation: Your spells are a little harder to cast, but
                  | a little more powerful. [potion of mutation]
 51777 | Depths:3 | Lost mutation: You are very frail. (-20% HP) [potion of
                  | mutation]
 51777 | Depths:3 | Gained mutation: You have a pair of small horns on your
                  | head. [potion of mutation]
 51777 | Depths:3 | Gained mutation: You heal very quickly. [potion of
                  | mutation]
 51778 | Depths:3 | Lost mutation: You are dopey. (Int -2) [potion of mutation]
 51778 | Depths:3 | Lost mutation: You are frail. (-10% HP) [potion of
                  | mutation]
 51778 | Depths:3 | Lost mutation: You have a pair of small horns on your head.
                  | [potion of mutation]
 51778 | Depths:3 | Gained mutation: Your flesh is cold resistant. (rC+)
                  | [potion of mutation]
 51778 | Depths:3 | Gained mutation: You have large cloven feet. [potion of
                  | mutation]
 51778 | Depths:3 | Gained mutation: You are strong-willed. (Will+) [potion of
                  | mutation]
 52026 | Zot:5    | Got the Orb of Zot
 52634 | D:$      | Escaped with the Orb!

Illustrated notes

Levels and vault maps discovered:
D:1:      tarquinn_simple_flora_water_f, layout_rooms, corexii_leaking_fountain,
          nrook_mini_backslash
D:2:      layout_basic, uniq_terence
D:3:      layout_loops_ring, kennysheep_generic_room_2, uniq_sigmund
D:4:      layout_rooms, old_standard_altar, temple_fountains,
          kennysheep_generic_room_12, uniq_duvessa, uniq_edmund,
          uniq_blork_the_orc
D:5:      layout_loops_corners
D:6:      hangedman_cross_stitches, layout_basic, general_overflow_altar,
          hangedman_minor_gate_pass
D:7:      layout_loops_cross, mainiacjoe_overflow_catwalk,
          uniq_crazy_yiuf_cottage, uniq_jeremiah, uniq_maurice
D:8:      layout_rooms, lemuel_tele_altar, nicolae_overflow_crystal_walls,
          nicolae_dithmenos_the_darkroom, serial_shops,
          nicolae_shop_bloodbath_and_beyond, kennysheep_generic_room_16,
          uniq_amaemon, uniq_joseph
D:9:      layout_basic, nicolae_vehumet_radiance, gammafunk_ghost_spectres,
          serial_shops, nicolae_shop_real_fake_doors, shop, enter_bailey_8,
          kennysheep_cross_room
D:10:     layout_loops_cross, nicolae_tso_carved_into_rock,
          chequers_temple_overflow_minitemple, grunt_lair_entry_orc_guard_hut
D:11:     layout_roguey
D:12:     layout_small_grid, special_room [special_room_bee]
D:13:     layout_roguey [special_room_orc], uniq_urug
D:14:     layout_roguey, david_vaults_5, grunt_gozag_breadcrumbs
D:15:     vault_1, layout_loops_ring, minmay_misc_feat_cross
Temple:   nicolae_temple_bog_church
Lair:1:   layout_roguey, portal_ice_cave_entry_pillars_1, nicolae_lair_lindhole,
          grunt_megastairs_3, uniq_grum
Lair:2:   layout_loops_ring, nicolae_swamp_entry_splash_gauntlet,
          spider_nest_entry_rubble, enter_volcano_1
Lair:3:   layout_loops_ring, serial_bayou_shore_b
Lair:4:   layout_cave_pods, dpeg_slime_entry_enclosed, evilmike_ambush
          [evilmike_ambush_outer_basic, evilmike_ambush_inner_wall_2]
Lair:5:   hellmonk_lair_end_abyssal_woods, layout_gridlike,
          kennysheep_basilisk_garden, lemuel_fruit_tree
Swamp:1:  layout_basic_swamp, evilmike_swamp_ruin_house_4, swamp_pool_1_2,
          nicolae_island_escapes, uniq_jorgrun, uniq_mlioglotl, uniq_nikola
Swamp:2:  layout_falls_marsh, nicolae_swamp_decorative_isthmus, swamp_pool_1_2
Swamp:3:  layout_basic_swamp, nicolae_swamp_stuck_in_the_mud, swamp_pool_4,
          uniq_bai_suzhen
Swamp:4:  nzn_swamp_witches_coven, layout_basic_swamp, ebering_ghost_xom,
          swamp_pool_4
Spider:1: layout_spider_delve, uniq_donald
Spider:2: layout_spider_delve, uniq_arachne
Spider:3: layout_chambers, hangedman_spider_tarantella_strand, uniq_mara,
          uniq_louise
Spider:4: grunt_spider_rune_parallel
Slime:1:  layout_caves, nicolae_slime_barrier,
          cheibrodos_slime_lost_civilization_6
Slime:2:  layout_caves, dissolution_awaits
Slime:3:  layout_caves
Slime:4:  layout_caves
Slime:5:  slime_pit_nicolae_inversion
Orc:1:    layout_diamond_mine
Orc:2:    st_orc_open, layout_diamond_mine, serial_shops, nicolae_shop_trees
Elf:1:    minmay_elf_arrival_summoners, layout_onion_city, mu_enter_wizlab_6,
          serial_shops, shop, nicolae_shop_just_a_little_nook, shop,
          enter_trove_1, kennysheep_underground_church, minivault_11,
          lemuel_upstairs_altar
Elf:2:    elven_hall_of_blades_hangedman_original [grunt_blade_entry_basic],
          layout_onion_city, eino_tiny_chamber
Elf:3:    minmay_elf_hall_quartered_circle, layout_loops_corners, serial_shops,
          nicolae_shop_pleasant_corner_grove, nicolae_elf_free_trip_to_the_abyss
Vaults:1: portal_desolation_entry_nicolae_nacl, v_misc_22,
          nicolae_vaults_fighting_squares, hangedman_vaults_trim,
          nicolae_vaults_closet_pinwheel_3, hangedman_vaults_stitches,
          v_misc_12, grunt_vaults_funnel, nicolae_vaults_stepped_doors,
          nicolae_vaults_tangram_2, v_alt_pattern_1,
          nicolae_vaults_double_plus_3, nicolae_vaults_little_squares_1,
          layout_vaults_maze_bifur, uniq_norris
Vaults:2: nicolae_vaults_display_case, v_misc_2, hangedman_vaults_hat,
          v_misc_22, nicolae_vaults_variable_pillar_hall,
          layout_vaults_omnigrid, uniq_saint_roka, uniq_zenata, uniq_sojobo
Vaults:3: nicolae_vaults_alarming, blue_anna_dwarven_crypt, v_misc_1,
          nicolae_vaults_frosty_reception, vaults_room_corners,
          nicolae_vaults_off_center_swirl, vaults_room_large_hall, v_misc_2,
          hangedman_vaults_maws, ontoclasm_vaults_ring_small,
          nicolae_vaults_little_squares_4, nicolae_vaults_tetromino_T_1,
          layout_vaults_omnicross
Vaults:4: vaults_dpeg_spiral, lightli_church_of_beogh,
          nicolae_vaults_tetromino_T_2, not_door_vault_mu, v_rooms_3,
          nicolae_vaults_offset_grid_hallway_3, v_misc_8,
          hangedman_vaults_variations, v_misc_12, nicolae_vaults_sightless_eye,
          nicolae_vaults_circle_grid_a, nicolae_vaults_storage_closets_1,
          hangedman_vaults_snaps, grunt_vaults_hallway_short,
          layout_vaults_omnibox, serial_shops, nicolae_shop_back_alley_shop,
          uniq_mennas
Vaults:5: uniq_xtahua
Crypt:1:  layout_gridlike, basic_altar, grunt_ministairs_4
Crypt:2:  layout_basic, fountainhead, nicolae_crypt_diagonal_loculi, uniq_grunn,
          uniq_jory, uniq_vv
Crypt:3:  evilmike_haunted_forest, uniq_khufu
Depths:1: layout_big_octagon, enter_ziggurat_a, pf_vacation_house_of_asmodeus,
          hangedman_decor_growths, minmay_holes, chequers_serial_rivers_micro_e,
          nicolae_uskayaw_dance_hall
Depths:2: minmay_chopped_fan, layout_long_grid, pan_entry, serial_sigils,
          serial_sigils_hangedman_gut, serial_sigils_hangedman_snap,
          serial_sigils_hangedman_etch, serial_sigils_hangedman_stare,
          serial_sigils_hangedman_scratch, serial_sigils_hangedman_shear,
          hell_entry, abyss_entry_flame_altar, nicolae_wooded_promenade,
          minmay_fountain_box, minmay_staircase_windowed_large
Depths:3: minmay_the_grid_triangle_9x9_recursive_3_mashed
          [minmay_the_grid_triangle_9x9_pentomino_pain,
          minmay_the_grid_triangle_9x9_odd_lines,
          minmay_the_grid_triangle_9x9_cache,
          minmay_the_grid_triangle_9x9_prize_top_heavy,
          minmay_the_grid_triangle_9x9_limited_checkers,
          minmay_the_grid_triangle_9x9_intruding_spiral,
          minmay_the_grid_triangle_9x9_semitri,
          minmay_the_grid_triangle_9x9_sparse_checkered,
          minmay_the_grid_triangle_9x9_impossible_snake], layout_long_grid,
          special_room [special_room_magic_class], okawaru_trees_2,
          abyss_entry_small_statue_room, rand_demon_pan_entry_1, hell_entry,
          ashenzari_conservatory_becter, infiniplex_staircase_pillars_1
Depths:4: grunt_zot_entry_hairpin, layout_honeycomb, pf_coc_iceberg,
          minmay_shop_star, uniq_josephina
Hell
Zot:1:    layout_misc_corridors, gammafunk_ghost_mausoleum, zot_minivault_4,
          grunt_megastairs_5
Zot:2:    layout_misc_corridors
Zot:3:    layout_misc_corridors, gammafunk_ghost_berserking_beasts,
          regret_index_zotdec_barnacled_simple,
          regret_index_zotdec_twisting_globes
Zot:4:    gammafunk_the_bubble [the_bubble_gammafunk_plus_minus],
          layout_misc_corridors
Zot:5:    layout_basic, st_stairs_5, grunt_ministairs_4

Skill      XL: |  1  2  3  4  5  6  7  8  9 10 11 12 13 14 15 16 17 18 19 20 21 22 23 24 25 26 27 |
---------------+----------------------------------------------------------------------------------+-----
Short Blades   | 2 3 4 5 6 8 10 13 14 | 14.0
Fighting       | 3 4 5 6 7 8 9 10 11 12 13 14 15 16 17 19 | 19.4
Evocations     | 2 3 4 7 8 10 11 12 14 18 | 18.5
Armour         | 4 5 6 7 8 9 10 12 13 14 16 | 16.2
Shields        | 3 4 5 6 8 10 12 13 15 16 17 19 20 | 20.0
Stealth        | 4 6 8 9 12 | 12.0
Invocations    | 4 6 8 10 12 13 15 16 17 18 19 21 23 | 23.8
Dodging        | 2 3 4 6 7 8 |  8.3
Translocations | 2 4 6 7 8 |  8.0
Spellcasting   | 2 4 5 6 |  6.0
Throwing       | 2 4 6 |  6.0
Hexes          | 3 5 6 |  6.0
Polearms       | 11 14 | 14.0
Air Magic      | 6 |  6.9
Earth Magic    | 6 |  6.6
Necromancy     | 4 |  4.7

Action                     |  1- 3 |  4- 6 |  7- 9 | 10-12 | 13-15 | 16-18 | 19-21 | 22-24 | 25-27 || total
---------------------------+-------+-------+-------+-------+-------+-------+-------+-------+-------++-------
  Melee: Short sword       |    70 |   103 |   466 |   886 |  1385 |   702 |       |       |       ||  3612
         Bite              |    22 |    31 |   177 |   348 |   642 |   656 |   604 |   610 |  1695 ||  4785
         Rapier            |     4 |       |       |       |       |   820 |  1272 |  1179 |   221 ||  3496
         Scimitar          |       |       |       |       |     1 |       |       |       |       ||     1
         Quick blade       |       |       |       |       |       |       |       |       |  2128 ||  2128
         Trishula          |       |       |       |       |       |       |       |       |   153 ||   153
         Lance             |       |       |       |       |       |       |       |       |   192 ||   192
   Fire: Hand cannon       |       |       |       |       |     6 |    14 |       |       |       ||    20
  Throw: Stone             |     4 |       |    11 |     2 |       |       |       |       |       ||    17
         Dart              |       |       |       |     7 |     2 |     2 |     3 |       |     1 ||    15
         Boomerang         |       |       |       |       |     2 |    21 |       |     2 |       ||    25
         Throwing net      |       |       |       |       |       |     1 |       |       |       ||     1
         Javelin           |       |       |       |       |       |       |     2 |       |       ||     2
   Cast: Apportation       |       |       |       |       |     3 |     4 |     8 |    30 |    74 ||   119
         Blink             |       |       |       |       |     1 |     4 |       |       |       ||     5
         Lesser Beckoning  |       |       |       |       |       |     8 |     2 |     1 |       ||    11
 Invoke: Line Pass         |       |       |       |     5 |     4 |     3 |     4 |       |     1 ||    17
         Grand Finale      |       |       |       |       |     2 |     3 |    10 |     9 |    16 ||    40
Ability: Evoke Invisibilit |       |       |       |       |       |       |       |       |     1 ||     1
  Evoke: Wand              |       |     4 |     6 |     7 |     3 |    25 |     8 |     1 |    11 ||    65
         Lightning rod     |       |       |       |       |       |     3 |     1 |     3 |       ||     7
         Box of beasts     |       |       |       |       |       |     2 |     1 |     1 |     1 ||     5
         Phantom mirror    |       |       |       |       |       |     1 |     3 |     1 |       ||     5
         Tin of tremorston |       |       |       |       |       |     1 |     5 |     4 |     2 ||    12
         Phial of floods   |       |       |       |       |       |       |     2 |       |       ||     2
    Use: Scroll            |       |       |     5 |     2 |    13 |    26 |     9 |     7 |     8 ||    70
         Potion            |       |       |       |     1 |       |     6 |     2 |     2 |     8 ||    19
   Stab: Paralysed         |       |       |       |    37 |    83 |    93 |   107 |   115 |   199 ||   634
         Confused          |       |       |       |     1 |     2 |     2 |     2 |       |     2 ||     9
         Sleeping          |       |       |       |       |    13 |    13 |     4 |       |       ||    30
         Distracted        |       |       |       |       |       |     2 |     4 |       |       ||     6
         Invisible         |       |       |       |       |       |    12 |       |       |     6 ||    18
         Held in net/web   |       |       |       |       |       |     1 |       |       |       ||     1
 Armour: Scale mail        |    12 |       |       |       |   503 |   740 |   254 |       |       ||  1509
         Chain mail        |    16 |     6 |       |       |       |       |       |       |       ||    22
         Plate armour      |       |    69 |   261 |   472 |    74 |       |       |       |       ||   876
         Gold dragon scale |       |       |       |       |       |       |   291 |   480 |   782 ||  1553
  Dodge: Dodged            |    22 |    17 |    57 |   131 |   321 |   401 |   230 |   121 |   248 ||  1548
  Block: Buckler           |    11 |    20 |    82 |   144 |    57 |       |       |       |       ||   314
         Kite shield       |       |       |       |       |   563 |   909 |   728 |   481 |   877 ||  3558

Table legend: (Time is in decaauts)
 A = Elapsed time spent in this place.
 B = Non-inter-level travel time spent in this place.
 C = Inter-level travel time spent in this place.
 D = Time resting spent in this place.
 E = Time spent auto-exploring this place.
 F = Levels seen in this place.
 G = Mean time per level.
                   A        B        C        D        E       F      G
               +--------+--------+--------+--------+--------+-----+--------+
         Total |  49333 |  42017 |   7316 |    592 |   5017 |  66 |  747.5 |
       Dungeon |  13074 |  10973 |   2101 |    274 |   3726 |  15 |  871.6 |
        Temple |     33 |     19 |     14 |      0 |      0 |   1 |   33.0 |
          Lair |   4416 |   3468 |    948 |      0 |    445 |   5 |  883.2 |
         Swamp |   3468 |   3020 |    448 |      2 |    233 |   4 |  867.0 |
   Spider Nest |   3343 |   2978 |    365 |     45 |     88 |   4 |  835.8 |
    Slime Pits |   1109 |   1043 |     66 |     40 |      0 |   5 |  221.8 |
  Orcish Mines |   1413 |   1191 |    222 |      0 |    324 |   2 |  706.5 |
   Elven Halls |   3210 |   2711 |    499 |      0 |    109 |   3 | 1070.0 |
        Vaults |   5375 |   4495 |    880 |     38 |     51 |   5 | 1075.0 |
         Crypt |   2888 |   2374 |    514 |     28 |     25 |   3 |  962.7 |
        Depths |   3436 |   2649 |    787 |      0 |      0 |   4 |  859.0 |
          Hell |    475 |    475 |      0 |      0 |      0 |   1 |  475.0 |
           Zot |   3733 |   3265 |    468 |     26 |     15 |   5 |  746.6 |
         Abyss |    509 |    509 |      0 |      0 |      0 |   3 |  169.7 |
         Trove |    181 |    181 |      0 |      0 |      0 |   1 |  181.0 |
        Bailey |    348 |    348 |      0 |     40 |      0 |   1 |  348.0 |
      Ice Cave |    478 |    478 |      0 |      0 |      0 |   1 |  478.0 |
       Volcano |    249 |    249 |      0 |     20 |      0 |   1 |  249.0 |
        Wizlab |    464 |    464 |      0 |     79 |      0 |   1 |  464.0 |
    Desolation |   1121 |   1121 |      0 |      0 |      0 |   1 | 1121.0 |
               +--------+--------+--------+--------+--------+-----+--------+

Top non-repeatable levels by time:
    D:15: 1791 daAuts
   Zot:5: 1307 daAuts
Vaults:2: 1288 daAuts
Depths:4: 1282 daAuts
 Swamp:4: 1242 daAuts
Spider:3: 1232 daAuts
   Elf:3: 1208 daAuts
 Crypt:3: 1198 daAuts
Vaults:4: 1195 daAuts
   Elf:1: 1189 daAuts
Desolation: 1121 daAuts
  Lair:1: 1081 daAuts
    D:10: 1048 daAuts
Vaults:3: 1003 daAuts
  Lair:2: 1002 daAuts
